[Event "DVM U20 2019"]
[Site "Braunschweig"]
[Date "2019.12.29"]
[Round "5"]
[White "Schubert, Bernhard"]
[Black "Kaiser, Frederic"]
[Result "0-1"]
[ECO "A56"]
[WhiteElo "1586"]
[BlackElo "1901"]
[Annotator "NA"]
[PlyCount "63"]
[EventDate "2019.12.27"]
[EventType "team-tourn"]
[EventRounds "7"]
[EventCountry "GER"]
[SourceTitle "playchess.com"]
[Source "ChessBase"]
[SourceQuality "1"]
[WhiteTeam "USV TU Dresden"]
[BlackTeam "Sges Bensheim"]
[TimeControl "40/5400+30:1800+30"]

1. d4 Nf6 2. c4 c5 3. Nf3 cxd4 4. Nxd4 g6 5. Nc3 Bg7 6. e3 Nc6 7. Be2 d6 8. O-O O-O 9. b3 a6 10. Bb2 Bd7 11. Bf3 Rb8 12. Ne4 Ne5 13. Nxf6+ Bxf6 14. Rb1 Qc7 15. Be2 Bc6 16. Nxc6 bxc6 17. Qd2 a5 18. Rfc1 c5 19. f4 Nd7 20. Bg4 Bxb2 21. Rxb2 Ra8 22. e4 Nb8 23. f5 Nc6 24. fxg6 fxg6 25. Be6+ Kg7 26. Bd5 Ra7 27. Rc3 Nd4 28. e5 dxe5 29. Rh3 e6 {[%emt 0:00:53] normal} 30. Qh6+ Kg8 {[%emt 0:00:07] normal} 31. Be4 Qf7 {[%emt 0:01:00] normal} 32. Bd3 {[%emt 0:02:11] normal} 0-1

[Event "DVM U20 2019"]
[Site "Braunschweig"]
[Date "2019.12.29"]
[Round "5"]
[White "Peukert, Marc"]
[Black "Meister, Konstantin"]
[Result "1-0"]
[ECO "A06"]
[WhiteElo "1518"]
[BlackElo "1256"]
[Annotator "NA"]
[PlyCount "121"]
[EventDate "2019.12.27"]
[EventType "team-tourn"]
[EventRounds "7"]
[EventCountry "GER"]
[SourceTitle "playchess.com"]
[Source "ChessBase"]
[SourceQuality "1"]
[WhiteTeam "USV TU Dresden"]
[BlackTeam "Sges Bensheim"]
[TimeControl "40/5400+30:1800+30"]

1. Nf3 d5 2. c4 c6 3. d3 dxc4 4. dxc4 Qxd1+ 5. Kxd1 g6 6. Nc3 Nf6 7. Bf4 Bf5 8. Nd4 Na6 9. Nxf5 O-O-O+ 10. Kc2 gxf5 11. e3 Nh5 12. Bg5 f6 13. Bh4 Nb4+ 14. Kb3 c5 15. Be2 Ng7 16. a3 Nc6 17. Kc2 Ne6 18. Bd3 Kb8 19. Rad1 f4 20. exf4 Ncd4+ 21. Kb1 Nxf4 22. Bg3 e5 23. Bxf4 exf4 24. Nd5 Rd6 25. Nxf4 Rg8 26. Bxh7 Rg4 27. g3 Bh6 28. Nd5 Nc6 29. f4 Na5 30. Rhe1 a6 31. Ne3 Rxd1+ 32. Rxd1 Rg7 33. Bf5 Re7 34. Nd5 Re2 35. Nxf6 Nxc4 36. Bd3 Rd2 37. Rxd2 Nxd2+ 38. Kc2 Nf3 39. Nd7+ Kc7 40. Nxc5 Kc6 41. Be4+ Kxc5 42. Bxf3 b5 43. b4+ Kb6 44. h4 a5 45. f5 axb4 46. axb4 Bf8 47. Kb3 Kc7 48. g4 Kd6 49. g5 Ke5 50. f6 Kf5 51. Bc6 Kg6 52. Bxb5 Kf7 53. Bc4+ Kg6 54. b5 Bc5 55. Be6 Bf2 56. f7 Kg7 57. h5 Bc5 58. Kc4 Be7 59. b6 Bxg5 60. b7 Bf4 61. h6+ {normal} 1-0

[Event "DVM U20 2019"]
[Site "Braunschweig"]
[Date "2019.12.29"]
[Round "5"]
[White "van Haaren, Laurens Jan"]
[Black "Honisch, Alexander"]
[Result "1-0"]
[ECO "A46"]
[WhiteElo "1482"]
[BlackElo "1477"]
[Annotator "NA"]
[PlyCount "151"]
[EventDate "2019.12.27"]
[EventType "team-tourn"]
[EventRounds "7"]
[EventCountry "GER"]
[SourceTitle "playchess.com"]
[Source "ChessBase"]
[SourceQuality "1"]
[WhiteTeam "SK Turm Kleve"]
[BlackTeam "SK Bebenhausen"]
[TimeControl "40/5400+30:1800+30"]

1. d4 Nf6 2. Nf3 e6 3. g3 d5 4. Bg2 Be7 5. O-O O-O 6. b3 Nbd7 7. Bb2 b6 8. Nbd2 Bb7 9. c4 dxc4 10. Nxc4 c5 11. e3 Rc8 12. Rc1 cxd4 13. Bxd4 Nc5 14. Ncd2 Nfe4 15. Nxe4 Bxe4 16. Nd2 Bxg2 17. Kxg2 Qd5+ 18. Kg1 Rfd8 19. f4 Ne4 20. Nxe4 Qxe4 21. Rxc8 Rxc8 22. Qf3 Qxf3 23. Rxf3 Rc1+ 24. Rf1 Rxf1+ 25. Kxf1 g6 26. Ke2 Kf8 27. Kd3 Ke8 28. Kc4 Kd7 29. Kb5 Kc7 30. Ka6 Kb8 31. Be5+ Ka8 32. a4 Bc5 33. Bd4 Bd6 34. Be5 Bc5 35. Bd4 Be7 36. a5 bxa5 37. Bxa7 Bb4 38. e4 Bd2 39. Bb6 f5 40. exf5 exf5 41. Bxa5 Be3 42. Bb6 Bd2 43. Bc5 g5 44. fxg5 Bxg5 45. h4 Bd8 46. Bd6 h5 47. b4 f4 48. b5 fxg3 49. b6 Bxb6 50. Kxb6 g2 51. Bh2 g1=Q+ 52. Bxg1 Kb8 53. Kc6 Kc8 54. Kd6 Kd8 55. Ke6 Ke8 56. Kf6 Kf8 57. Kg6 Kg8 58. Kxh5 Kh7 59. Bd4 Kg8 60. Kg6 Kf8 61. h5 Kg8 62. h6 Kf8 63. h7 Ke7 64. h8=Q Kd6 65. Bc5+ Kxc5 66. Qd8 Kc4 67. Qd6 Kc3 68. Qd5 Kc2 69. Qf3 Kd2 70. Kf5 Kc2 71. Ke4 Kd2 72. Qg3 Kc2 73. Kd4 Kd2 74. Qf2+ Kd1 75. Kc3 Kc1 76. Qc2# {[%emt 0:00:09] normal} 1-0

[Event "DVM U20 2019"]
[Site "Braunschweig"]
[Date "2019.12.29"]
[Round "5"]
[White "Sequeira, Titus"]
[Black "Celik, Cem"]
[Result "0-1"]
[ECO "D02"]
[WhiteElo "1472"]
[BlackElo "1767"]
[Annotator "NA"]
[PlyCount "58"]
[EventDate "2019.12.27"]
[EventType "team-tourn"]
[EventRounds "7"]
[EventCountry "GER"]
[SourceTitle "playchess.com"]
[Source "ChessBase"]
[SourceQuality "1"]
[WhiteTeam "SG Trier"]
[BlackTeam "SF Essen-Katernberg"]
[TimeControl "40/5400+30:1800+30"]

1. d4 d5 2. Nf3 Nf6 3. Bf4 e6 4. e3 Bd6 5. Bxd6 cxd6 6. Nbd2 O-O 7. c3 Nc6 8. Bd3 Qe7 9. O-O e5 10. e4 exd4 11. Nxd4 Nxd4 12. cxd4 dxe4 13. Nxe4 Nxe4 14. Re1 d5 15. f3 Qf6 16. fxe4 Qxd4+ 17. Kh1 dxe4 18. Rxe4 Qxb2 19. Rh4 g6 20. Rb1 Qf6 21. Qa4 Bd7 22. Qb4 Bc6 23. Rf1 Qe5 24. Rhf4 Rae8 25. Bc4 Re7 26. Qb3 Kg7 27. Qg3 f5 28. Bd3 Qe3 {[%emt 0:02:03] normal} 29. Qh4 Rd7 0-1

[Event "DVM U20 2019"]
[Site "Braunschweig"]
[Date "2019.12.29"]
[Round "5"]
[White "Simrock, Manuel"]
[Black "Meier, Julian"]
[Result "0-1"]
[ECO "B19"]
[WhiteElo "1211"]
[BlackElo "1323"]
[Annotator "NA"]
[PlyCount "87"]
[EventDate "2019.12.27"]
[EventType "team-tourn"]
[EventRounds "7"]
[EventCountry "GER"]
[SourceTitle "playchess.com"]
[Source "ChessBase"]
[SourceQuality "1"]
[WhiteTeam "Sges Bensheim"]
[BlackTeam "USV TU Dresden"]
[TimeControl "40/5400+30:1800+30"]

1. e4 c6 2. d4 d5 3. Nc3 dxe4 4. Nxe4 Bf5 5. Ng3 Bg6 6. Nf3 Nd7 7. h4 h6 8. h5 Bh7 9. Bd3 Bxd3 10. Qxd3 Ngf6 11. Be3 Qc7 12. c4 e6 13. O-O-O Bd6 14. Ne2 Qa5 15. Kb1 c5 16. g4 cxd4 17. Bxd4 Be7 18. g5 hxg5 19. Ng3 O-O-O 20. Qe3 Ng4 21. Qe4 Ndf6 22. Qe2 Bc5 23. Rd3 Bxd4 24. Nxd4 Qe5 25. Qxe5 Nxe5 26. Rd2 Nc6 27. Rhd1 Nxd4 28. Rxd4 Rxd4 29. Rxd4 Nxh5 30. Ne4 Rd8 31. Rxd8+ Kxd8 32. Nxg5 Ke7 33. Kc2 Kf6 34. Nf3 a6 35. c5 g5 36. Kd3 g4 37. Nd4 Ke5 38. b4 Nf4+ 39. Kc4 Nh3 40. a4 Nxf2 41. b5 axb5+ 42. axb5 Ne4 43. Nc6+ Kf4 44. Nd4 {normal} 0-1

[Event "DVM U20 2019"]
[Site "Braunschweig"]
[Date "2019.12.29"]
[Round "6"]
[White "Engel, Luis"]
[Black "Kueppers, Timo"]
[Result "1-0"]
[ECO "C07"]
[WhiteElo "2531"]
[BlackElo "2296"]
[Annotator "ChessBase"]
[PlyCount "93"]
[EventDate "2019.12.27"]
[EventType "team-tourn"]
[EventRounds "7"]
[EventCountry "GER"]
[SourceTitle "playchess.com"]
[Source "ChessBase"]
[SourceQuality "1"]
[WhiteTeam "Hamburger SK"]
[BlackTeam "SF Essen-Katernberg"]
[TimeControl "40/5400+30:1800+30"]

1. e4 e6 2. d4 d5 3. Nd2 c5 4. exd5 Qxd5 5. Ngf3 cxd4 6. Bc4 Qd6 7. O-O Nf6 8. Nb3 Nc6 9. Nbxd4 Nxd4 10. Nxd4 a6 11. Re1 Qc7 12. Bf1 Bc5 13. Nb3 Bd6 14. g3 O-O 15. Bg5 Be5 16. c3 h6 17. Be3 Nd5 18. Bc5 Re8 19. Qh5 Bf6 20. Bg2 Bd7 21. Bxd5 exd5 22. Bd4 Qd6 23. Bxf6 Qxf6 24. Qxd5 Bc6 25. Qd3 Red8 26. Nd4 Rd5 27. Re3 Rad8 28. Rae1 g6 29. Qe2 h5 30. h4 Bd7 31. Re5 Bc6 32. f4 Qd6 33. f5 Rxe5 34. Qxe5 Qd5 35. Qxd5 Bxd5 36. b3 Kg7 37. fxg6 fxg6 38. Re7+ Kf6 39. Rc7 Ke5 40. Kf2 Rf8+ 41. Ke2 Re8 42. Rd7 Be4 43. Ke3 {[%emt 0:00:00] normal} Bh1 {[%emt 0:04:54] normal} 44. c4 {[%emt 0:00:00] normal} Kf6+ 45. Kf2 {[%emt 0:00:00] normal} g5 46. hxg5+ Kxg5 {[%emt 0:00:06] normal} 47. Rd6 {[%emt 0:00:00] normal} 1-0

[Event "DVM U20 2019"]
[Site "Braunschweig"]
[Date "2019.12.29"]
[Round "6"]
[White "Goldbeck, Lars"]
[Black "Hoffmann, Jens"]
[Result "1/2-1/2"]
[ECO "A38"]
[WhiteElo "2312"]
[BlackElo "2113"]
[Annotator "NA"]
[PlyCount "133"]
[EventDate "2019.12.27"]
[EventType "team-tourn"]
[EventRounds "7"]
[EventCountry "GER"]
[SourceTitle "playchess.com"]
[Source "ChessBase"]
[SourceQuality "1"]
[WhiteTeam "SC Bavaria Regensburg"]
[BlackTeam "SF HN-Biberach"]
[TimeControl "40/5400+30:1800+30"]

1. Nf3 Nf6 2. c4 g6 3. Nc3 c5 4. g3 Bg7 5. Bg2 Nc6 6. d3 O-O 7. Bd2 d6 8. Qc1 h5 9. h3 Rb8 10. O-O a6 11. Ng5 Bd7 12. a4 Nd4 13. Qd1 Bc6 14. Nd5 b5 15. e3 bxc4 16. Ba5 Qxa5 17. Nxe7+ Kh8 18. Nxc6 Nxc6 19. Bxc6 Qc7 20. Bg2 cxd3 21. Qxd3 Rxb2 22. Qxa6 Nh7 23. Nxh7 Kxh7 24. Rad1 Rb6 25. Qd3 c4 26. Qd5 c3 27. Be4 Qc5 28. a5 Ra6 29. Qxc5 dxc5 30. Ra1 Rd8 31. Kg2 Rd7 32. Ra4 Rda7 33. Rfa1 c2 34. Rc1 Bc3 35. Rxc2 Bb4 36. Bd5 Kg7 37. Rc4 Rxa5 38. Rxa5 Rxa5 39. Rf4 Ra7 40. Re4 Rd7 41. Bc4 Ra7 42. Re8 Rd7 43. Rc8 Be1 44. Kf1 Bb4 45. e4 Re7 46. Bd5 Ra7 47. Ke2 Re7 48. Kf3 Ra7 49. Kg2 Rd7 50. Rc6 Re7 51. f4 Rd7 52. Kf3 Ra7 53. Kg2 Rd7 54. Ra6 Bc3 55. Kf3 Bd4 56. h4 Rc7 57. Ra4 Rd7 58. Ra2 f5 59. Ra6 fxe4+ 60. Bxe4 Bf6 61. Rc6 Ra7 62. Rxc5 Ra3+ 63. Kg2 Ra2+ 64. Kh3 Re2 65. Bc2 Re3 66. Rc7+ Re7 67. Rc6 {[%emt 0:00:00] normal} 1/2-1/2

[Event "DVM U20 2019"]
[Site "Braunschweig"]
[Date "2019.12.29"]
[Round "6"]
[White "Poghosyan, Tigran"]
[Black "Meiwes, Thore"]
[Result "1-0"]
[ECO "B30"]
[WhiteElo "2302"]
[BlackElo "2106"]
[Annotator "NA RC"]
[PlyCount "43"]
[EventDate "2019.12.27"]
[EventType "team-tourn"]
[EventRounds "7"]
[EventCountry "GER"]
[SourceTitle "playchess.com"]
[Source "ChessBase"]
[SourceQuality "1"]
[WhiteTeam "Lübecker SV"]
[BlackTeam "SK Lehrte 1919"]
[TimeControl "40/5400+30:1800+30"]

1. e4 c5 2. Nf3 Nc6 3. b3 d6 4. Bb2 e5 5. Be2 Nf6 6. d3 Be7 7. O-O O-O 8. Nbd2 b6 9. Nc4 Re8 10. Ne3 Bf8 11. c4 g6 12. Nd5 Bg7 13. Nd2 Nxd5 14. cxd5 Ne7 15. a4 f5 16. f4 exf4 17. Bxg7 Kxg7 18. Rxf4 fxe4 19. dxe4 Ng8 20. Qc2 Qg5 21. Raf1 {[%emt 0:02:08] normal} Re7 {[%emt 0:06:55] normal} 22. Nc4 {[%emt 0:01:13] normal} 1-0

[Event "DVM U20 2019"]
[Site "Braunschweig"]
[Date "2019.12.29"]
[Round "6"]
[White "Oberhofer, Cedric"]
[Black "Triantafillidis, Simeon"]
[Result "1/2-1/2"]
[ECO "C60"]
[WhiteElo "2260"]
[BlackElo "1931"]
[Annotator "NA"]
[PlyCount "62"]
[EventDate "2019.12.27"]
[EventType "team-tourn"]
[EventRounds "7"]
[EventCountry "GER"]
[SourceTitle "playchess.com"]
[Source "ChessBase"]
[SourceQuality "1"]
[WhiteTeam "SC Bavaria Regensburg"]
[BlackTeam "SF HN-Biberach"]
[TimeControl "40/5400+30:1800+30"]

1. e4 e5 2. Nf3 Nc6 3. Bb5 g6 4. O-O Bg7 5. c3 Nge7 6. Re1 O-O 7. d3 d6 8. Nbd2 h6 9. Nf1 f5 10. exf5 Nxf5 11. Ng3 Nxg3 12. hxg3 Bg4 13. Qa4 Bxf3 14. gxf3 Qf6 15. Bxc6 bxc6 16. Qxc6 Qxf3 17. Qxf3 Rxf3 18. Be3 d5 19. d4 e4 20. Rac1 Rb8 21. b3 g5 22. c4 c5 23. Red1 cxd4 24. Bxd4 Bxd4 25. Rxd4 dxc4 26. Rdxc4 Rbf8 27. Rxe4 Rxf2 28. Re7 Rxa2 29. Rcc7 Rff2 30. Rc8+ Rf8 31. Rcc7 Rff2 {[%emt 0:00:18] normal} 1/2-1/2

[Event "DVM U20 2019"]
[Site "Braunschweig"]
[Date "2019.12.29"]
[Round "6"]
[White "Biastoch, Bennet"]
[Black "Kartsev, Nikolay"]
[Result "1-0"]
[ECO "B66"]
[WhiteElo "2242"]
[BlackElo "2092"]
[Annotator "NA"]
[PlyCount "58"]
[EventDate "2019.12.27"]
[EventType "team-tourn"]
[EventRounds "7"]
[EventCountry "GER"]
[SourceTitle "playchess.com"]
[Source "ChessBase"]
[SourceQuality "1"]
[WhiteTeam "SG Aufbau Elbe Magdeburg"]
[BlackTeam "SF Brackel"]
[TimeControl "40/5400+30:1800+30"]

1. e4 c5 2. Nf3 d6 3. d4 cxd4 4. Nxd4 Nf6 5. Nc3 Nc6 6. Bg5 e6 7. Qd2 a6 8. O-O-O h6 9. Nxc6 bxc6 10. Bf4 d5 11. Qe3 Qa5 12. Be2 Bb4 13. Be5 Be7 14. exd5 cxd5 15. h4 O-O 16. Rh3 Ne8 17. Rg3 f6 18. Bf4 Bc5 19. Qf3 Kh8 20. Qh5 Ra7 21. Rg6 Rg8 22. Bxh6 gxh6 23. Rxh6+ Kg7 24. Rg6+ Kf8 25. Rxg8+ Kxg8 26. Qxe8+ Kg7 27. Qxc8 d4 28. Ne4 Ba3 29. Qb8 {[%emt 0:05:50] normal} Rc7 {[%emt 0:02:33] normal} 1-0

[Event "DVM U20 2019"]
[Site "Braunschweig"]
[Date "2019.12.29"]
[Round "6"]
[White "Joeres, Stefan"]
[Black "Vuckovic, Zarko"]
[Result "0-1"]
[ECO "A45"]
[WhiteElo "2201"]
[BlackElo "2258"]
[Annotator "NA"]
[PlyCount "83"]
[EventDate "2019.12.27"]
[EventType "team-tourn"]
[EventRounds "7"]
[EventCountry "GER"]
[SourceTitle "playchess.com"]
[Source "ChessBase"]
[SourceQuality "1"]
[WhiteTeam "Karlsruher SF"]
[BlackTeam "SF Augsburg"]
[TimeControl "40/5400+30:1800+30"]

1. d4 Nf6 2. Bf4 e6 3. e3 Be7 4. Bd3 b6 5. h3 Bb7 6. Nf3 c5 7. Nbd2 O-O 8. O-O cxd4 9. exd4 d6 10. c3 Nbd7 11. Qe2 Re8 12. Ne4 Nf8 13. Nxf6+ Bxf6 14. Be4 Bxe4 15. Qxe4 Ng6 16. Bg3 d5 17. Qd3 a6 18. a4 Ne7 19. Nd2 Nf5 20. Bf4 Qc8 21. Rfe1 Qc6 22. a5 b5 23. b4 Rac8 24. Rac1 Be7 25. Nb3 Qc4 26. Qxc4 Rxc4 27. Nd2 Rc6 28. Nb3 Rec8 29. Nc5 Bxc5 30. dxc5 Rd8 31. Rcd1 f6 32. g4 Ne7 33. Bd6 Rdxd6 34. cxd6 Rxd6 35. f4 Kf7 36. Kf2 Rc6 37. Re3 h6 38. h4 h5 39. Kf3 hxg4+ 40. Kxg4 Nf5 41. Red3 Rc4 42. Re1 {[%emt 0:04:54] normal} 0-1

[Event "DVM U20 2019"]
[Site "Braunschweig"]
[Date "2019.12.29"]
[Round "6"]
[White "Fluechter, Gregor"]
[Black "Sieber, Fiona"]
[Result "1-0"]
[ECO "B21"]
[WhiteElo "2174"]
[BlackElo "2277"]
[Annotator "NA"]
[PlyCount "80"]
[EventDate "2019.12.27"]
[EventType "team-tourn"]
[EventRounds "7"]
[EventCountry "GER"]
[SourceTitle "playchess.com"]
[Source "ChessBase"]
[SourceQuality "1"]
[WhiteTeam "SF Brackel"]
[BlackTeam "SG Aufbau Elbe Magdeburg"]
[TimeControl "40/5400+30:1800+30"]

1. e4 c5 2. f4 d5 3. exd5 Nf6 4. Bb5+ Nbd7 5. Nf3 a6 6. Bxd7+ Bxd7 7. Ne5 Bf5 8. c4 e6 9. Nc3 exd5 10. cxd5 Bd6 11. O-O O-O 12. Qf3 h5 13. d3 Re8 14. Bd2 b5 15. Rae1 g6 16. Ne4 Nxd5 17. Nxf7 Kxf7 18. Ng5+ Kf8 19. Rxe8+ Qxe8 20. Qxd5 Rd8 21. Re1 Qd7 22. Bc3 Bc7 23. Qxc5+ Qd6 24. Qxd6+ Bxd6 25. Ne6+ Bxe6 26. Rxe6 Bc5+ 27. Kf1 b4 28. Be5 Rxd3 29. Rxa6 Rd1+ 30. Ke2 Ra1 31. Kd3 Be7 32. Rxg6 Rxa2 33. Rh6 h4 34. f5 Bg5 35. Rh5 Ra5 36. Ke4 Bc1 37. Rxh4 b3 38. Rh8+ Kf7 39. Rb8 Ra4+ 40. Kf3 Ra5 {[%emt 0:00:38] normal} 1-0

[Event "DVM U20 2019"]
[Site "Braunschweig"]
[Date "2019.12.29"]
[Round "6"]
[White "Schimnatkowski, Lukas"]
[Black "Holinka, Henning"]
[Result "1/2-1/2"]
[ECO "B06"]
[WhiteElo "2157"]
[BlackElo "2233"]
[Annotator "NA"]
[PlyCount "63"]
[EventDate "2019.12.27"]
[EventType "team-tourn"]
[EventRounds "7"]
[EventCountry "GER"]
[SourceTitle "playchess.com"]
[Source "ChessBase"]
[SourceQuality "1"]
[WhiteTeam "SF Essen-Katernberg"]
[BlackTeam "Hamburger SK"]
[TimeControl "40/5400+30:1800+30"]

1. e4 g6 2. d4 Bg7 3. Nf3 d6 4. h3 Nd7 5. Be3 b6 6. Nbd2 Bb7 7. Bd3 e5 8. c3 Ne7 9. a4 a6 10. a5 b5 11. Qc2 c5 12. dxe5 dxe5 13. O-O Nc6 14. Rfd1 O-O 15. Be2 Nxa5 16. Nf1 Nc6 17. Bxc5 Re8 18. Ne3 Rc8 19. b4 Bf8 20. Bxf8 Kxf8 21. Qb3 Ncb8 22. h4 Qe7 23. Nd5 Bxd5 24. Rxd5 f6 25. Rad1 Nb6 26. Rd6 Nc4 27. Bxc4 Rxc4 28. h5 Rxe4 {[%emt 0:03:21] normal} 29. hxg6 hxg6 {[%emt 0:00:11] normal} 30. Qc2 {[%emt 0:01:19] normal} Rg4 {[%emt 0:02:40] normal} 31. Nh2 Rg5 32. Nf3 1/2-1/2

[Event "DVM U20 2019"]
[Site "Braunschweig"]
[Date "2019.12.29"]
[Round "6"]
[White "Thomsen, Phil"]
[Black "Wendler, David"]
[Result "1-0"]
[ECO "B35"]
[WhiteElo "2147"]
[BlackElo "2204"]
[Annotator "NA"]
[PlyCount "74"]
[EventDate "2019.12.27"]
[EventType "team-tourn"]
[EventRounds "7"]
[EventCountry "GER"]
[SourceTitle "playchess.com"]
[Source "ChessBase"]
[SourceQuality "1"]
[WhiteTeam "Sges Bensheim"]
[BlackTeam "SK Bebenhausen"]
[TimeControl "40/5400+30:1800+30"]

1. e4 c5 2. Nf3 Nc6 3. d4 cxd4 4. Nxd4 g6 5. Be3 Nf6 6. Nc3 Bg7 7. Bc4 O-O 8. Bb3 d6 9. f3 Bd7 10. h4 h5 11. Qd2 Rc8 12. O-O-O Ne5 13. Bg5 Rc5 14. Kb1 b5 15. Nd5 Nxd5 16. Bxd5 Nc4 17. Qf2 Nb6 18. Nb3 Rc7 19. g4 Nxd5 20. Rxd5 f6 21. Be3 Bc6 22. Rdd1 hxg4 23. h5 gxh5 24. Nd4 Bd7 25. Rxh5 e5 26. Nf5 Bxf5 27. exf5 gxf3 28. Qxf3 Qa8 29. Qg4 Rc4 30. Qg6 Qe8 31. Qxg7+ Kxg7 32. Rg1+ Qg6 33. Rxg6+ Kf7 34. Rh7+ Ke8 35. b3 Re4 36. Bxa7 Rf7 37. Rg8+ Ke7 {[%emt 0:00:08] normal} 1-0

[Event "DVM U20 2019"]
[Site "Braunschweig"]
[Date "2019.12.29"]
[Round "6"]
[White "Lutz, Ruben"]
[Black "Yankelevich, Michael"]
[Result "1/2-1/2"]
[ECO "D25"]
[WhiteElo "2132"]
[BlackElo "2064"]
[Annotator "NA"]
[PlyCount "57"]
[EventDate "2019.12.27"]
[EventType "team-tourn"]
[EventRounds "7"]
[EventCountry "GER"]
[SourceTitle "playchess.com"]
[Source "ChessBase"]
[SourceQuality "1"]
[WhiteTeam "USV TU Dresden"]
[BlackTeam "SG Trier"]
[TimeControl "40/5400+30:1800+30"]

1. d4 d5 2. c4 dxc4 3. Nf3 Nf6 4. e3 a6 5. Bxc4 b5 6. Bd3 Bb7 7. O-O e6 8. a4 b4 9. b3 Nbd7 10. Bb2 c5 11. Nbd2 Be7 12. Rc1 O-O 13. Qe2 cxd4 14. Nxd4 Ne5 15. Bb1 Ng6 16. Nc6 Qd7 17. Nxe7+ Qxe7 18. Nf3 Rac8 19. Bd3 a5 20. Ne5 Nd5 21. Nxg6 hxg6 22. Bc4 Rfd8 23. Rfd1 Nb6 24. Ba6 Rxc1 25. Rxc1 Bd5 26. Bd4 Nd7 27. Bc4 Bb7 28. Ba6 Bd5 29. Bc4 {normal} 1/2-1/2

[Event "DVM U20 2019"]
[Site "Braunschweig"]
[Date "2019.12.29"]
[Round "6"]
[White "Doll, Alexander"]
[Black "Melde, Benjamin"]
[Result "0-1"]
[ECO "B22"]
[WhiteElo "2127"]
[BlackElo "2120"]
[Annotator "NA"]
[PlyCount "66"]
[EventDate "2019.12.27"]
[EventType "team-tourn"]
[EventRounds "7"]
[EventCountry "GER"]
[SourceTitle "playchess.com"]
[Source "ChessBase"]
[SourceQuality "1"]
[WhiteTeam "OSG Baden-Baden"]
[BlackTeam "SK Turm Kleve"]
[TimeControl "40/5400+30:1800+30"]

1. e4 c5 2. c3 Nf6 3. e5 Nd5 4. Bc4 Nb6 5. Bb3 d5 6. exd6 Qxd6 7. Nf3 c4 8. Bc2 Qe6+ 9. Qe2 Qxe2+ 10. Kxe2 Nc6 11. b3 e5 12. Na3 Be6 13. Re1 f6 14. Nxc4 Nxc4 15. bxc4 Bxc4+ 16. d3 Bd5 17. a4 O-O-O 18. Be3 Bd6 19. Nd2 Rhe8 20. Kf1 Bc7 21. Ra3 Bd6 22. Raa1 Bc7 23. Ra3 Bf7 24. f3 Bd6 25. Raa1 Bc7 26. Ra3 Bd6 27. Raa1 Bg6 28. Ne4 Bc7 29. Ra3 Ba5 30. Rb1 f5 31. Nf2 b6 32. f4 Kb7 {[%emt 0:02:03] normal} 33. g3 Bf7 {[%emt 0:01:06] normal} 0-1

[Event "DVM U20 2019"]
[Site "Braunschweig"]
[Date "2019.12.29"]
[Round "6"]
[White "Engel, Robert"]
[Black "Gorainow, Nikita"]
[Result "1/2-1/2"]
[ECO "B31"]
[WhiteElo "2075"]
[BlackElo "1946"]
[Annotator "NA"]
[PlyCount "66"]
[EventDate "2019.12.27"]
[EventType "team-tourn"]
[EventRounds "7"]
[EventCountry "GER"]
[SourceTitle "playchess.com"]
[Source "ChessBase"]
[SourceQuality "1"]
[WhiteTeam "Hamburger SK"]
[BlackTeam "SF Essen-Katernberg"]
[TimeControl "40/5400+30:1800+30"]

1. e4 c5 2. Nf3 Nc6 3. Bb5 g6 4. Bxc6 bxc6 5. O-O Bg7 6. Re1 Nh6 7. c3 O-O 8. d4 cxd4 9. cxd4 d5 10. e5 f6 11. Qc2 Bg4 12. Nbd2 Qb6 13. h3 Bf5 14. Qa4 Nf7 15. exf6 exf6 16. b3 Rfe8 17. Ba3 Qb5 18. Rxe8+ Rxe8 19. Qxa7 Bh6 20. Nf1 Ng5 21. Nxg5 fxg5 22. Ne3 Bc8 23. Bd6 Bg7 24. Qc5 Qb7 25. b4 Re4 26. Rd1 Bd7 27. Rd2 h5 28. a4 g4 29. hxg4 hxg4 30. g3 Bh6 31. Be5 Bf8 32. Bd6 Bh6 33. Be5 Bf8 {[%emt 0:00:09] normal} 1/2-1/2

[Event "DVM U20 2019"]
[Site "Braunschweig"]
[Date "2019.12.29"]
[Round "6"]
[White "Reimer, Philip"]
[Black "Tiedemann, Fin Niklas"]
[Result "1-0"]
[ECO "C52"]
[WhiteElo "2065"]
[BlackElo "1936"]
[Annotator "NA"]
[PlyCount "48"]
[EventDate "2019.12.27"]
[EventType "team-tourn"]
[EventRounds "7"]
[EventCountry "GER"]
[SourceTitle "playchess.com"]
[Source "ChessBase"]
[SourceQuality "1"]
[WhiteTeam "SK Lehrte 1919"]
[BlackTeam "Lübecker SV"]
[TimeControl "40/5400+30:1800+30"]

1. e4 e5 2. Nf3 Nc6 3. Bc4 Bc5 4. b4 Bxb4 5. c3 Ba5 6. d4 exd4 7. O-O d6 8. Qb3 Qe7 9. e5 dxe5 10. Ba3 Qf6 11. Nbd2 Bf5 12. cxd4 O-O-O 13. dxe5 Nxe5 14. Nxe5 Qxe5 15. Bb2 Qf4 16. Bxg7 Rxd2 17. Bxh8 Nh6 18. Qa4 Bd7 19. Qxa5 Ng4 20. g3 Qf3 21. Rac1 Ne3 22. Qxc7+ Kxc7 23. Bd5+ Bc6 24. Bxf3 Nxf1 {[%emt 0:00:05] normal} 1-0

[Event "DVM U20 2019"]
[Site "Braunschweig"]
[Date "2019.12.29"]
[Round "6"]
[White "Geltz, Noah"]
[Black "Schneider, Jana"]
[Result "0-1"]
[ECO "A09"]
[WhiteElo "2054"]
[BlackElo "2210"]
[Annotator "NA"]
[PlyCount "74"]
[EventDate "2019.12.27"]
[EventType "team-tourn"]
[EventRounds "7"]
[EventCountry "GER"]
[SourceTitle "playchess.com"]
[Source "ChessBase"]
[SourceQuality "1"]
[WhiteTeam "SF HN-Biberach"]
[BlackTeam "SC Bavaria Regensburg"]
[TimeControl "40/5400+30:1800+30"]

1. Nf3 d5 2. c4 d4 3. e3 Nc6 4. exd4 Nxd4 5. Nc3 Bg4 6. Be2 Nxe2 7. Qxe2 c6 8. O-O e6 9. Rd1 Bd6 10. d4 Qb8 11. h3 Bxf3 12. Qxf3 Ne7 13. b3 O-O 14. Bb2 Ng6 15. Ne4 Rd8 16. Kh1 Bf8 17. Ng5 Qf4 18. Qxf4 Nxf4 19. g3 Ng6 20. Rd3 Rd7 21. f4 h5 22. h4 Ne7 23. Rad1 Rad8 24. Kg2 Nf5 25. Nf3 f6 26. Ne1 e5 27. fxe5 fxe5 28. Rf3 g6 29. Rd2 e4 30. Rf4 Bh6 31. Rxf5 Bxd2 32. Rf1 e3 33. Nf3 e2 34. Rb1 Re8 35. Nxd2 e1=Q 36. Rxe1 Rxe1 {[%emt 0:00:03] normal} 37. Bc3 {[%emt 0:00:37] normal} Rc1 {[%emt 0:01:35] normal} 0-1

[Event "DVM U20 2019"]
[Site "Braunschweig"]
[Date "2019.12.29"]
[Round "6"]
[White "Martin III, Richard"]
[Black "Habersetzer, Elyse"]
[Result "1-0"]
[ECO "C02"]
[WhiteElo "2043"]
[BlackElo "1650"]
[Annotator "NA"]
[PlyCount "35"]
[EventDate "2019.12.27"]
[EventType "team-tourn"]
[EventRounds "7"]
[EventCountry "GER"]
[SourceTitle "playchess.com"]
[Source "ChessBase"]
[SourceQuality "1"]
[WhiteTeam "OSG Baden-Baden"]
[BlackTeam "SK Turm Kleve"]
[TimeControl "40/5400+30:1800+30"]

1. e4 e6 2. d4 d5 3. e5 c5 4. c3 Nc6 5. Nf3 Qb6 6. Be2 Bd7 7. O-O Nge7 8. Na3 cxd4 9. cxd4 Nf5 10. Nc2 Be7 11. Rb1 O-O 12. g4 Nh4 13. Nxh4 Bxh4 14. g5 f6 15. gxf6 gxf6 16. Bh6 Rfd8 17. Bh5 f5 18. Kh1 {[%emt 0:01:54] normal} 1-0